 Dungeon Crawl Stone Soup version 0.21-a0-104-g7b58145 (webtiles) character file.

30090 Leszczynek the Cleaver (level 13, -4/123 HPs)
             Began as a Deep Dwarf Monk on July 6, 2017.
             Was a High Priest of Makhleb.
             Killed from afar by a smoke demon (18 damage)
             ... with a ball of steam
             ... summoned by an orc high priest
             ... on level 2 of the Orcish Mines on July 7, 2017.
             The game lasted 00:51:01 (9012 turns).

Leszczynek the Cleaver (Deep Dwarf Monk)            Turns: 9012, Time: 00:51:02

Health: -4/123     AC: 20    Str: 22    XL:     13   Next: 18%
Magic:  9/9        EV: 12    Int: 12    God:    Makhleb [*****.]
Gold:   676        SH: 14    Dex: 19    Spells: 2/12 levels left

rFire    . . .     SeeInvis .   a - +3 broad axe
rCold    . . .     Gourm    .   k - +0 shield
rNeg     + . .     Faith    .   W - +4 scale mail
rPois    .         Spirit   .   U - +1 helmet
rElec    .         Reflect  +   m - +1 cloak
rCorr    .         Harm     .   e - +0 pair of gloves "Attyegept" {+Inv Dex+4}
MR       +....                  v - +1 pair of boots
Stlth    +.........             H - +2 amulet of reflection
HPRegen  0.00/turn              o - ring of positive energy
MPRegen  0.11/turn              A - +3 ring of strength

@: non-regenerating, drained
A: damage resistance, heal wounds, sense surroundings 2, no regeneration
a: Heal Wounds, Minor Destruction, Lesser Servant of Makhleb, Major Destruction,
Greater Servant of Makhleb, Renounce Religion, Evoke Invisibility


You were on level 2 of the Orcish Mines.
You worshipped Makhleb.
Makhleb was extremely pleased with you.
You were not hungry.

You visited 2 branches of the dungeon, and saw 17 of its levels.
You also visited: Sewer.

You collected 1138 gold pieces.
You spent 462 gold pieces at shops.

Inventory:

Hand Weapons
 a - a +3 broad axe (weapon)
 b - the +9 long sword of Suocsyc {slice, MR+}
   (You found it on level 5 of the Dungeon)

   It inflicts extra damage upon your enemies.
   It affects your resistance to hostile enchantments.
 c - a +0 blowgun
 B - a +2 scimitar of flaming
Missiles
 p - 11 javelins (quivered)
 E - 3 throwing nets
 L - 9 curare-tipped needles
 O - 16 tomahawks
Armour
 e - the +0 pair of gloves "Attyegept" (worn) {+Inv Dex+4}
   (You acquired it on level 10 of the Dungeon)

   It affects your dexterity (+4).
   It lets you turn invisible.
 k - a +0 shield (worn)
 m - a +1 cloak (worn)
 v - a +1 pair of boots (worn)
 I - +0 acid dragon scales
 U - a +1 helmet (worn)
 W - a +4 scale mail (worn)
Jewellery
 o - a ring of positive energy (left hand)
 A - a +3 ring of strength (right hand)
 H - a +2 amulet of reflection (around neck)
 P - an uncursed ring of ice
Wands
 x - a wand of confusion (18/48)
 y - a wand of flame (26/48)
 C - a wand of disintegration (4/24)
 N - a wand of flame (39/48)
 Q - a wand of confusion (35/48)
 R - a wand of iceblast (6/15)
 T - a wand of acid (4/15)
Scrolls
 g - 2 scrolls of enchant armour
 i - 6 scrolls of teleportation
 q - 3 scrolls of magic mapping
 t - 2 scrolls of remove curse {@r2}
 u - a scroll of blinking
 K - 5 scrolls of fear
 M - a scroll of recharging
Potions
 h - 3 potions of agility
 j - 10 potions of curing {@q1}
 r - 2 potions of mutation {!q}
 s - 6 potions of haste
 w - a potion of might
 z - 2 potions of degeneration
 G - a potion of heal wounds {@q2}
Comestibles
 d - 7 bread rations
 n - 14 royal jellies
 D - 4 fruits
 J - 5 meat rations
 V - 15 chunks of flesh


   Skills:
 + Level 9.9(9.8) Fighting
 - Level 9.3(9.2) Long Blades
 * Level 14.4(14.3) Axes
 + Level 8.2(8.1) Armour
 - Level 5.0(4.9) Dodging
 - Level 2.4(2.3) Stealth
 - Level 8.0(7.9) Shields
 - Level 6.2(6.1) Invocations


You had 2 spell levels left.
You knew the following spells:

 Your Spells              Type           Power        Failure   Level  Hunger
a - Animate Skeleton      Necr           N/A          88%         1    ##.....
b - Summon Butterflies    Summ           #.......     88%         1    ##.....
c - Aura of Abjuration    Summ           #.........   100%        5    ######.
A - Apportation           Tloc           #.....       88%         1    ##.....
P - Swiftness             Chrm/Air       #.......     96%         2    ###....


Dungeon Overview and Level Annotations

Branches:
Dungeon (15/15)            Temple (0/1) D:7            Lair (0/6) D:11
    Orc (2/2) D:9
    Elf: Orc:2       Vaults: D:13-14     Depths: D:15

Altars:
Ashenzari
Cheibriados
Makhleb
Nemelex Xobeh
Xom
Yredelemnul
Zin
The Shining One
Beogh

Shops:
Orc:2 }[%?

Portals:
Trove: D:10 (give 8 potions of agility)

Annotations:
D:2 Terence
D:9 exclusion: obsidian statue


Innate Abilities, Weirdness & Mutations

You are resistant to damage.
You can heal yourself by infusing magical energy.
You passively map the area around you.
You do not regenerate.


Message History

The ball of steam hits you!
* * * LOW HITPOINT WARNING * * *
Your ufetubus barely misses the smoke demon.
Your ufetubus closely misses the smoke demon.
Your ynoxinul barely misses the chaos spawn.
Unknown command.
Unknown command.
A demon appears!
You are engulfed in a cloud of scalding steam.
* * * LOW HITPOINT WARNING * * *
Your ufetubus completely misses the orc high priest.
Your ufetubus hits the orc high priest.
The chaos spawn gores you but does no damage.
Your ufetubus hits the smoke demon but does no damage.
Your ufetubus hits the smoke demon. You block the red devil's attack.
The orc high priest invokes the aid of Beogh against you.
You easily resist.
The smoke demon gestures at you. The ball of steam hits you!
You die...

..#....+
#...#......##...##
..#....# ##..##.....#
####
)##?...#####...#.....#
..).......##...##.....
###'#####.##....#.....#
** ##...# ,
###...##..... ##...#
#.355# , ,,, , , ######
##.55## ,* .## *
##3@5#* , ..## #34o# ,
,,, ...# * #5..4.# ,
......,* #.......# *
...... #.........#
..♣#≈≈≈ #....∩....#
###*#≈≈ #.........# ##
##.......## P♣ * , , *


You could see an orc high priest, a smoke demon, a chaos spawn, a red devil, a
friendly smoke demon, a friendly ynoxinul and 6 friendly ufetubi.

Vanquished Creatures
  An orc warlord (Orc:2)
  Azrael (Orc:2)
  A death knight (D:12)
  6 two-headed ogres
  An orc high priest (Orc:2)
  Sonja (D:12)
  An unseen horror (D:12)
  Pikel (D:5)
  4 orc knights (Orc:2)
  An ugly thing (D:11)
  An orc sorcerer (Orc:2)
  A deep elf mage (D:11)
  3 manticores
  3 gargoyles
  A tengu conjurer (D:14)
  A queen bee (D:8)
  3 trolls (Orc:2)
  A hornet (D:11)
  3 hippogriffs
  Sigmund (D:6)
  A wraith (D:9)
  A shadow (D:12)
  A vampire (D:11)
  3 fire elementals (Orc:2)
  3 yaks (D:10)
  5 hungry ghosts
  3 wargs
  2 vampire mosquitoes (D:15)
  2 hell hounds (Orc:2)
  An acid dragon (D:15)
  Duvessa (D:4)
  2 soldier ants
  32 orc warriors
  4 black bears
  2 ice beasts
  4 sky beasts
  2 phantoms
  14 ogres
  16 centaurs
  6 big kobolds
  8 bullfrogs
  A wyvern zombie (D:10)
  A gnoll sergeant (D:6)
  Dowan (D:4)
  3 scorpions
  16 killer bees
  3 wights (D:10)
  3 crimson imps
  5 howler monkeys
  2 quasits
  14 orc priests
  2 bullfrog zombies
  2 centaur skeletons
  3 hounds
  A jelly (D:10)
  A gnoll shaman (D:5)
  14 orc wizards
  An iron imp (D:7)
  3 bullfrog skeletons
  4 iguanas
  6 worker ants
  2 worker ant zombies
  2 howler monkey skeletons
  16 adders
  15 gnolls
  4 river rats
  2 shadow imps
  5 oozes
  2 adder skeletons (D:6)
  2 worms
  A dart slug (D:3)
  The ghost of murphy the Magician, a weakling DEWz (Sewer)
  6 leopard geckos
  83 orcs
  5 giant cockroaches
  7 goblins
  6 hobgoblins
  11 jackals
  9 kobolds
  5 quokkas
  A ball python (Sewer)
  A bat (D:2)
  2 frilled lizards
  A giant cockroach zombie (D:5)
  A leopard gecko skeleton (D:3)
  A leopard gecko zombie (D:6)
  7 rats
433 creatures vanquished.

Vanquished Creatures (collateral kills)
  An orc high priest (Orc:2)
  A deep elf mage (D:15)
  A manticore (D:14)
  A hippogriff (D:14)
  4 orc warriors (Orc:2)
  2 orc wizards (Orc:2)
  4 orc priests (Orc:2)
  9 orcs (Orc:2)
23 creatures vanquished.

Vanquished Creatures (others)
  A slave (D:5)
  A centaur (D:11)
  A gnoll (D:5)
  An orc (D:9)
4 creatures vanquished.

Grand Total: 460 creatures vanquished

Notes
Turn   | Place    | Note
-------+----------+-------------------------------------------
     0 | D:1      | Leszczynek the Deep Dwarf Monk began the quest for the Orb.
     0 | D:1      | Reached XP level 1. HP: 20/20 MP: 1/1
    53 | D:2      | Found a glowing golden altar of the Shining One.
    65 | D:2      | Noticed Terence
    73 | D:3      | Noticed a centaur
    85 | D:2      | now that was some bona fide bullshit
   221 | D:1      | Reached XP level 2. HP: 13/27 MP: 2/2
   246 | D:1      | Reached skill level 4 in Axes
   399 | D:2      | Reached XP level 3. HP: 12/33 MP: 3/3
   420 | D:1      | Reached skill level 5 in Axes
   660 | D:2      | Reached XP level 4. HP: 34/40 MP: 4/4
   781 | D:3      | Reached skill level 1 in Shields
   853 | D:3      | Reached skill level 6 in Axes
   887 | D:3      | Reached XP level 5. HP: 46/46 MP: 4/4
   927 | D:3      | Killed a centaur
   927 | D:3      | Reached skill level 2 in Shields
  1047 | D:3      | Found a burning altar of Makhleb.
  1073 | D:3      | Reached XP level 6. HP: 38/55 MP: 4/4
  1081 | D:3      | Became a worshipper of Makhleb the Destroyer
  1081 | D:3      | Reached * piety under Makhleb
  1081 | D:3      | Reached ** piety under Makhleb
  1130 | D:3      | ok, found a shield, a war axe and makhleb
  1130 | D:3      | now just an armor left
  1165 | D:4      | Noticed Duvessa
  1165 | D:4      | Noticed Dowan
  1190 | D:4      | Killed Duvessa
  1190 | D:4      | Reached skill level 7 in Axes
  1190 | D:4      | Reached skill level 3 in Shields
  1203 | D:4      | Killed Dowan
  1328 | D:4      | Reached XP level 7. HP: 40/61 MP: 4/4
  1346 | D:4      | Reached skill level 8 in Axes
  1346 | D:4      | Reached skill level 4 in Shields
  1393 | D:4      | Learned a level 1 spell: Animate Skeleton
  1395 | D:4      | Learned a level 1 spell: Apportation
  1405 | D:4      | armor plz
  1555 | D:4      | Found a glowing silver altar of Zin.
  1582 | D:5      | Entered Level 5 of the Dungeon
  1697 | D:5      | Reached skill level 3 in Fighting
  1706 | D:5      | Noticed Pikel
  1721 | D:5      | Killed Pikel
  1721 | D:5      | Reached skill level 4 in Fighting
  1721 | D:5      | Reached skill level 9 in Axes
  1721 | D:5      | Reached skill level 5 in Shields
  1721 | D:5      | Reached XP level 8. HP: 59/73 MP: 4/4
  1907 | D:4      | Reached skill level 5 in Fighting
  2025 | D:5      | Got a shimmering long sword
  2026 | D:5      | Identified the +9 long sword of Suocsyc {slice, MR+} (You found it on level 5 of the Dungeon)
  2027 | D:5      | damn
  2027 | D:5      | is it better?
  2079 | D:6      | Reached skill level 6 in Shields
  2093 | D:6      | Reached *** piety under Makhleb
  2130 | D:6      | Noticed Sigmund
  2135 | D:6      | Killed Sigmund
  2135 | D:6      | Reached skill level 6 in Fighting
  2135 | D:6      | Gained mutation: You passively map the area around you. [Deep Dwarf growth]
  2135 | D:6      | Reached XP level 9. HP: 76/82 MP: 5/5
  2230 | D:6      | damn
  2230 | D:6      | if only long blades weren't so rare
  2287 | D:6      | Reached skill level 1 in Long Blades
  2293 | D:6      | Reached skill level 2 in Long Blades
  2483 | D:6      | Reached skill level 3 in Long Blades
  2576 | D:6      | Found a glowing drain.
  2586 | Sewer    | Entered a sewer
  2603 | Sewer    | Noticed murphy's ghost (weakling DEWz)
  2610 | Sewer    | Killed murphy's ghost
  2873 | Sewer    | Reached skill level 4 in Long Blades
  2914 | Sewer    | Reached skill level 5 in Long Blades
  2938 | D:6      | Reached **** piety under Makhleb
  3039 | D:7      | waste of time
  3080 | D:7      | Found a snail-covered altar of Cheibriados.
  3126 | D:7      | Found a staircase to the Ecumenical Temple.
  3165 | D:7      | Reached skill level 6 in Long Blades
  3165 | D:7      | Reached skill level 1 in Invocations
  3180 | D:7      | Reached skill level 2 in Invocations
  3393 | D:8      | Noticed a queen bee
  3400 | D:7      | Reached skill level 3 in Invocations
  3525 | D:8      | Reached skill level 7 in Long Blades
  3701 | D:8      | Reached XP level 10. HP: 75/91 MP: 8/8
  3711 | D:8      | Reached skill level 4 in Invocations
  3934 | D:9      | Found a sparkling altar of Nemelex Xobeh.
  3936 | D:9      | Found a basalt altar of Yredelemnul.
  3938 | D:9      | Found a shimmering altar of Xom.
  3938 | D:9      | Found a shattered altar of Ashenzari.
  3986 | D:8      | Reached skill level 8 in Long Blades
  4099 | D:9      | Noticed an obsidian statue
  4117 | D:9      | Noticed a two-headed ogre
  4124 | D:9      | Reached skill level 5 in Invocations
  4132 | D:9      | Reached ***** piety under Makhleb
  4149 | D:9      | Killed a two-headed ogre
  4149 | D:9      | Reached skill level 9 in Long Blades
  4149 | D:9      | Reached skill level 6 in Invocations
  4233 | D:9      | Reached skill level 1 in Armour
  4260 | D:9      | oh, broad axe
  4260 | D:9      | well shit
  4305 | D:9      | Reached skill level 10 in Axes
  4305 | D:9      | Reached skill level 2 in Armour
  4313 | D:9      | HP: 17/91 [orc priest/divine providence (10)]
  4413 | D:9      | Found a roughly hewn altar of Beogh.
  4413 | D:9      | Found a staircase to the Orcish Mines.
  4632 | D:10     | Entered Level 10 of the Dungeon
  4639 | D:10     | Reached skill level 3 in Armour
  4676 | D:10     | Reached XP level 11. HP: 97/99 MP: 8/8
  4698 | D:10     | Reached skill level 11 in Axes
  4745 | D:10     | Found a portal to a secret trove of treasure.
  4751 | D:10     | trove: 8 !agi
  4956 | D:11     | Noticed a two-headed ogre
  4962 | D:11     | Paralysed by a hornet for 2 turns
  4972 | D:11     | Killed a two-headed ogre
  5026 | D:11     | Reached skill level 7 in Fighting
  5138 | D:10     | Identified a scroll of acquirement
  5139 | D:10     | Got a pair of bloodstained gloves
  5145 | D:10     | Identified the +0 pair of gloves "Attyegept" {+Inv Dex+4} (You acquired it on level 10 of the Dungeon)
  5165 | D:10     | "the scroll of mild disappointment"
  5303 | D:11     | Reached skill level 12 in Axes
  5411 | D:12     | Noticed a six-headed hydra
  5548 | D:11     | Noticed a purple ugly thing
  5567 | D:11     | Killed a purple ugly thing
  5582 | D:11     | Reached ****** piety under Makhleb
  5634 | D:12     | Reached skill level 8 in Fighting
  5653 | D:12     | Noticed Sonja
  5926 | D:14     | Learned a level 2 spell: Swiftness
  5999 | D:15     | Entered Level 15 of the Dungeon
  6007 | D:15     | Noticed a two-headed ogre
  6016 | D:15     | Killed a two-headed ogre
  6164 | D:15     | HP: 15/104 [manticore (6)]
  6196 | D:15     | Noticed a two-headed ogre
  6215 | D:15     | Killed a two-headed ogre
  6215 | D:15     | Reached skill level 4 in Dodging
  6218 | D:15     | Noticed a deep elf mage
  6236 | D:15     | Killed a deep elf mage
  6236 | D:15     | Reached skill level 4 in Armour
  6290 | D:15     | Reached XP level 12. HP: 51/112 MP: 9/9
  6664 | D:12     | Reached skill level 5 in Armour
  6664 | D:12     | Reached skill level 5 in Dodging
  6729 | D:12     | Noticed a death knight
  6764 | D:12     | Reached skill level 13 in Axes
  6779 | D:12     | Killed Sonja
  6883 | D:12     | Killed a death knight
  6883 | D:12     | Reached skill level 7 in Shields
  6894 | D:12     | Learned a level 1 spell: Summon Butterflies
  6927 | D:12     | Noticed a two-headed ogre
  6933 | D:12     | Killed a two-headed ogre
  6933 | D:12     | Reached skill level 6 in Armour
  7673 | D:11     | fucking bullshit
  7673 | D:11     | 4 magic mapping gone because of the LOL WE HID YOUR LAIR ENTRANCE IN A TINY CORNER XDDXDXDXDX
  7787 | Orc:1    | Entered Level 1 of the Orcish Mines
  7887 | Orc:2    | Entered Level 2 of the Orcish Mines
  7972 | Orc:2    | Reached skill level 8 in Shields
  8026 | Orc:2    | Reached skill level 9 in Fighting
  8036 | Orc:2    | Noticed a two-headed ogre
  8048 | Orc:2    | Killed a two-headed ogre
  8048 | Orc:2    | Reached skill level 7 in Armour
  8300 | Orc:2    | Found Xamneragh's Gadget Boutique.
  8333 | Orc:2    | Found Kilabuh's Armour Shop.
  8355 | Orc:2    | HP: 17/114 [orc knight/enchanted great sword (23)]
  8361 | Orc:2    | HP: 14/114 [orc knight/enchanted great sword (3)]
  8377 | Orc:2    | Bought a +4 scale mail for 312 gold pieces
  8563 | Orc:2    | Noticed Azrael
  8596 | Orc:2    | Killed Azrael
  8596 | Orc:2    | Reached skill level 14 in Axes
  8628 | Orc:2    | Learned a level 5 spell: Aura of Abjuration
  8689 | Orc:2    | Reached XP level 13. HP: 49/122 MP: 9/9
  8819 | Orc:2    | Noticed an orc warlord
  8843 | Orc:2    | Killed an orc warlord
  8868 | Orc:2    | Found a roughly hewn altar of Beogh.
  8885 | Orc:2    | Reached skill level 8 in Armour
  8916 | Orc:2    | Found Hihus's Magic Scroll Shop.
  8925 | Orc:2    | Bought a scroll of identify for 30 gold pieces
  8925 | Orc:2    | Bought a scroll of identify for 30 gold pieces
  8925 | Orc:2    | Bought a scroll of identify for 30 gold pieces
  8928 | Orc:2    | Bought 2 scrolls of identify for 60 gold pieces
  8996 | Orc:2    | Found Liussyne's Food Emporium.
  9011 | Orc:2    | HP: 20/123 [smoke demon/ball of steam[an orc high priest] (8)]
  9012 | Orc:2    | Killed from afar by a smoke demon

Vault maps used:
D:1:      minmay_arrival_split_and_join, minmay_misc_feat_roman
D:2:      fedhas_altar_fruit_tree, first_bread, tso_metal_star, uniq_terence
D:3:      makhleb_blood_cavern_becter, grunt_ministairs_4, eino_tiny_chamber
D:4:      zin_statuary, lemuel_coloured_pillars_altar, uniq_duvessa
D:5:      basic_altar, uniq_pikel
D:6:      portal_sewer_entry_e, serial_bayou_pond_b, kennysheep_generic_room_10,
          uniq_sigmund
D:7:      slow_altar_1, minmay_temple_entry_statues_fountains
D:8:      black_bear_nest_2, david_nohive_1
D:9:      grunt_temple_overflow_open, david_orc_5, minivault_15
D:10:     enter_trove_2
D:11:     lair_entry_dummy, grunt_ministairs_9, minmay_lizard_king
D:12:     uniq_sonja
D:13:     grunt_vaults_entry_tiered, lightli_airlock, uniq_kirke
D:14:     uniq_rupert
D:15:     grunt_enter_depths_snipers, minmay_misc_feat_secret_circle
Orc:2:    pubby_orc_utopia, serial_shops, uniq_azrael
Sewer:    sewer_co_15_rooms

Skill      XL: |  1  2  3  4  5  6  7  8  9 10 11 12 13 |
---------------+----------------------------------------+-----
Axes           | 4 5 6 7 9 10 12 14 | 14.4
Shields        | 1 2 3 5 6 8 |  8.0
Fighting       | 4 6 8 9 |  9.9
Long Blades    | 7 9 |  9.3
Invocations    | 3 6 |  6.2
Armour         | 3 4 7 8 |  8.2
Dodging        | 4 5 |  5.0
Stealth        | |  2.4

Action                   |  1- 3 |  4- 6 |  7- 9 | 10-12 | 13-15 || total
-------------------------+-------+-------+-------+-------+-------++-------
Melee: Hand axe          |   103 |    96 |       |       |       ||   199
       War axe           |       |    41 |   119 |       |       ||   160
       Long sword        |       |       |   203 |   593 |    15 ||   811
       Broad axe         |       |       |       |   203 |    73 ||   276
Throw: Javelin           |       |     3 |       |     3 |       ||     6
Invok: Lesser Servant of |       |       |       |    13 |     5 ||    18
 Abil: Heal Wounds       |     2 |     4 |     2 |    18 |     3 ||    29
Evoke: Wand              |       |       |       |    13 |     2 ||    15
  Use: Scroll            |       |       |     5 |    25 |     5 ||    35
       Potion            |       |       |     3 |     4 |       ||     7
 Stab: Sleeping          |     8 |     3 |     3 |     2 |       ||    16
       Confused          |       |       |       |     1 |       ||     1
       Distracted        |       |       |       |     3 |     2 ||     5
  Eat: Chunk             |       |     2 |     8 |    19 |     1 ||    30
       Fruit             |       |       |     1 |     1 |       ||     2
Armor: Robe              |    15 |       |     9 |       |       ||    24
       Leather armour    |     1 |    31 |    12 |       |       ||    44
       Scale mail        |       |       |    38 |   133 |    25 ||   196
       Ring mail         |       |       |       |    22 |       ||    22
       Acid dragon scale |       |       |       |   115 |       ||   115
Dodge: Dodged            |    87 |    79 |   126 |   268 |    19 ||   579
Block: Shield            |       |       |   217 |   529 |    45 ||   791
       Other             |       |       |     3 |       |       ||     3
       Reflection        |       |       |    16 |    34 |     1 ||    51
       Rpst.: Long sword |       |       |    25 |    41 |     1 ||    67
